 Dungeon Crawl Stone Soup version 0.21-a0-344-g2144152 (webtiles) character file.

6 namelastname112 the Sneak (level 1, 0/9 HPs)
             Began as a Felid Wanderer on Oct 5, 2017.
             Slain by an ooze (3 damage)
             ... on level 1 of the Dungeon.
             The game lasted 00:00:17 (45 turns).

namelastname112 the Sneak (Felid Wanderer)            Turns: 45, Time: 00:00:17

Health: 0/9        AC:  1    Str:  6    XL:     1   Next: 75%
Magic:  3/3        EV: 18    Int: 13    God:
Gold:   0          SH:  0    Dex: 17    Spells: 2/2 levels left
                                        Lives:  0   Deaths: 0

rFire    . . .     SeeInvis +     - Unarmed
rCold    . . .     Gourm    .   (shield unavailable)
rNeg     . . .     Faith    .   (armour unavailable)
rPois    .         Spirit   .   (helmet unavailable)
rElec    .         Reflect  .   (cloak unavailable)
rCorr    .         Harm     .   (gloves unavailable)
MR       .....                  (boots unavailable)
Stlth    +++.......             (no amulet)
HPRegen  0.03/turn              (no ring)
MPRegen  0.08/turn              (no ring)

@: quick
A: no armour, no weapons or thrown items, stealth, claws 1, fangs 3, see
invisible, carnivore 3, speed 1, shaggy fur 1, slow metabolism 1, sharp paws
a: no special abilities


You were on level 1 of the Dungeon.
You were not hungry.

You visited 1 branch of the dungeon, and saw 1 of its levels.

Inventory:

Scrolls
 b - a scroll of teleportation
 e - a scroll of remove curse {unknown}
Books
 a - a book of Minor Magic

   Spells                             Type                      Level
   a - Magic Dart                     Conjuration                  1
   b - Blink                          Translocation                2
   c - Call Imp                       Summoning                    2
   d - Slow                           Hexes                        2
   e - Conjure Flame                  Conjuration/Fire             3
   f - Mephitic Cloud                 Conjuration/Poison/Air       3
 c - the Volume of the Blaze

   Spells                             Type                      Level
   a - Flame Tongue                   Conjuration/Fire             1
   b - Conjure Flame                  Conjuration/Fire             3
Comestibles
 d - a meat ration


   Skills:
 + Level 1.1 Fighting
 + Level 2.8 Dodging
 + Level 4.1 Stealth
 * Level 1.3 Unarmed Combat
 - Level 1.0 Spellcasting
   Level 1.7 Fire Magic


You had 2 spell levels left.
You didn't know any spells.

Dungeon Overview and Level Annotations

Branches:
Dungeon (1/15)

Altars:


Innate Abilities, Weirdness & Mutations

You cannot wear armour.
You are incapable of wielding weapons or throwing items.
Your paws allow you to move quietly. (Stealth)
You have sharp claws.
You have razor-sharp teeth.
You have supernaturally acute eyesight. (SInv)
You are carnivorous and can eat meat at any time.
You cover ground quickly.
You are covered in fur. (AC +1)
You have a slow metabolism.
Your sharp claws are effective at attacking unaware monsters.


Message History

The ooze quivers.
You scratch the ooze. Your bite misses the ooze.
The ooze is moderately wounded.
The ooze misses you.
You scratch the ooze. You bite the ooze.
The ooze is almost dead.
The ooze hits you.
Ouch! That really hurt!
You take 5 damage, and have 3/9 hp.
MASSIVE DAMAGE!!
You are too injured to fight recklessly!
You are too injured to fight recklessly!
You are too injured to fight recklessly!
You are too injured to fight recklessly!
You scratch the ooze but do no damage.
The ooze is almost dead.
The ooze barely misses you.
You barely miss the ooze.
The ooze is almost dead.
The ooze hits you.
You die...

.......#.##.......
.........##.......
......(........>#
...........)##..###
..######.#.†##....#
.#.###.#.#..##....#
.#.....#..........#
##.#.#.####!##.?..#
.........##.?..s@J#
.#.#.#.#.###.#....#
...#.#... ...#.####
.###.###.#.###+#
....<......#
.###.###.#.# #.# ..
.. #.# ...


You could see an ooze and a giant cockroach.

Vanquished Creatures
  A leopard gecko (D:1)
  A giant cockroach (D:1)
  A kobold (D:1)
  A ball python (D:1)
  A rat (D:1)
5 creatures vanquished.

Notes
Turn   | Place    | Note
-------+----------+-------------------------------------------
     0 | D:1      | namelastname112 the Felid Wanderer began the quest for the Orb.
     0 | D:1      | namelastname112 set off with: a book of Minor Magic, a scroll of teleportation, the Volume of the Blaze, a meat ration
     0 | D:1      | Reached XP level 1. HP: 9/9 MP: 3/3
     0 | D:1      | Identified the Volume of the Blaze
    45 | D:1      | Slain by an ooze

Vault maps used:
D:1:      roderic_chinese_lattice_arrival

Action                   || total
-------------------------++-------
Melee: Unarmed           ||    20
       Bite              ||     2
 Stab: Sleeping          ||     1
Armor: Skin              ||     3
Dodge: Dodged            ||    13

Table legend:
 A = Spawn XP
 B = Non-spawn XP
 C = Spawn XP percentage of total XP
 D = Spawn monster count
 E = Non-spawn monster count
 F = Spawn count percentage of total count
 G = Total turns spent on level
                    A         B        C        D         E        F      G
               +---------+---------+-------+---------+---------+-------+---------
         Total |       0 |       9 |   0.0 |       0 |       5 |   0.0 |    45
               +---------+---------+-------+---------+---------+-------+---------
           D:1 |       0 |       9 |   0.0 |       0 |       5 |   0.0 |    45
               +---------+---------+-------+---------+---------+-------+---------
